 Dungeon Crawl Stone Soup version 0.18-a0-1805-g8ab820f (webtiles) character file.

19 juanjsm the Sneak (level 2, 0/13 HPs)
             Began as a Spriggan Enchanter on Apr 25, 2016.
             Slain by a worm (6 damage)
             ... on level 2 of the Dungeon.
             The game lasted 00:02:01 (421 turns).

juanjsm the Sneak (Spriggan Enchanter)               Turns: 421, Time: 00:02:02

Health: 0/13       AC:  5    Str:  4    XL:     2   Next: 55%
Magic:  1/7        EV: 18    Int: 16    God:
Gold:   61         SH:  0    Dex: 16    Spells: 2 memorised, 4 levels left

rFire  . . .     SeeInvis +     a - +1 dagger
rCold  . . .     Gourm    .     b - +1 robe
rNeg   . . .     Faith    .     (shield restricted)
rPois  .         Spirit   .     (helmet restricted)
rElec  .         Dismiss  .     (no cloak)
rCorr  .         Reflect  .     (gloves unavailable)
SustAt .         Harm     .     (boots unavailable)
MR     .....                    (no amulet)
Stlth  +++.......               (no ring)
                                k - +2 ring of protection

@: very slightly contaminated, very quick, not resistant to hostile
enchantments, fairly stealthy
A: unfitting armour, see invisible, herbivore 3, speed 3, slow metabolism 2
a: no special abilities


You were on level 2 of the Dungeon.
You were not hungry.

You visited 1 branch of the dungeon, and saw 2 of its levels.

You collected 61 gold pieces.

Inventory:

Hand Weapons
 a - a +1 dagger (weapon)
Armour
 b - a +1 robe (worn)
Jewellery
 k - a +2 ring of protection (left hand)
Scrolls
 h - a scroll of blinking {unknown}
 l - a scroll of remove curse {unknown}
 m - a scroll of recharging {unknown}
Potions
 e - a potion of might {unknown}
 f - a potion of degeneration {unknown}
 g - a potion of lignification {unknown}
 i - a potion of flight {unknown}
 j - a potion of curing {unknown}
Books
 c - a book of Maledictions

   Spells                             Type                      Level
   a - Corona                         Hexes                        1
   b - Ensorcelled Hibernation        Hexes/Ice                    2
   c - Confuse                        Hexes                        3
   d - Tukima's Dance                 Hexes                        3
   e - Dazzling Spray                 Conjuration/Hexes            3
Comestibles
 d - a bread ration


   Skills:
 + Level 1.3 Short Blades
 + Level 3.2 Dodging
 + Level 5.0 Stealth
 + Level 3.0 Spellcasting
 + Level 3.9 Hexes


You had 4 spell levels left.
You knew the following spells:

 Your Spells              Type           Power        Failure   Level  Hunger
a - Corona                Hex            ##.....      4%          1    #......
b - Ensorcelled Hibernat  Hex/Ice        #.....       14%         2    ##.....


Dungeon Overview and Level Annotations

Branches:
Dungeon (2/15)

Altars:


Innate Abilities, Weirdness & Mutations

You are tiny and cannot use many weapons and most armour.
You have supernaturally acute eyesight.
You are a herbivore.
You cover ground extremely quickly.
You need consume almost no food.


Message History

You barely miss the bat.
The bat is severely wounded.
The bat hits you but does no damage. The bat closely misses you.
You hit the bat.
You kill the bat!
Casting: Ensorcelled Hibernation
Confirm with . or Enter, or press ? or * to list all spells.
Aiming: Corona
Press: ? - help, Shift-Dir - straight line, f - worm
Aim: a worm (chance to defeat MR: 60%)
The worm is outlined in light.
The worm bites you!
Ouch! That really hurt!
You hit the worm.
The worm is lightly wounded.
You hit the worm but do no damage.
The worm is lightly wounded.
The worm bites you.
You die...

... #.#....
....#.#...#
....#.#...#
....$.....#
..........# #
#........########.#
#.................#
##+#.#............#
#.#(#...w@.....#
#..............#
###.#<..########
...........(...#
#####.###.####.# #.
...# # #####


You could see a worm.

Vanquished Creatures
  A dart slug (D:1)
  2 giant cockroaches (D:1)
  A goblin (D:1)
  2 jackals (D:1)
  4 kobolds
  4 bats
  A rat (D:2)
15 creatures vanquished.

Notes
Turn   | Place    | Note
--------------------------------------------------------------
     0 | D:1      | juanjsm the Spriggan Enchanter began the quest for the Orb.
     0 | D:1      | Reached XP level 1. HP: 9/9 MP: 5/5
    74 | D:1      | Reached XP level 2. HP: 10/13 MP: 6/6
    78 | D:1      | Learned a level 2 spell: Ensorcelled Hibernation
   391 | D:2      | Reached skill level 5 in Stealth
   421 | D:2      | Slain by a worm

Vault maps used:
D:1:      dpeg_arrival_rooms_with_view
D:2:      ecumenical_altar_1, first_bread, nicolae_ashenzari_panopticon

Skill      XL: |  1  2 |
---------------+-------+-----
Spellcasting   | 3 |  3.0
Stealth        | 5 |  5.0
Short Blades   | |  1.3
Dodging        | |  3.2
Hexes          | |  3.9

Action                   || total
-------------------------++-------
Melee: Dagger            ||    45
 Cast: Corona            ||     4
       Ensorcelled Hiber ||     7
 Stab: Sleeping          ||    11
Armor: Robe              ||    13
Dodge: Dodged            ||    45
